 Dungeon Crawl Stone Soup version 0.27-a0-732-ga892ba84f6 (webtiles) character file.

Game seed: 8191518761859124454

149 olmar the Magician (level 5, -4/39 HPs)
             Began as a Djinni Warper on Mar 23, 2021.
             Slain by an ice beast (18 damage)
             ... on level 3 of the Dungeon.
             The game lasted 00:04:44 (4426 turns).

olmar the Magician (Djinni Warper)                  Turns: 4426, Time: 00:04:45

Health: -4/39      AC:  3    Str: 10    XL:     5   Next: 31%
Magic:  0/0        EV: 12    Int: 16    God:
Gold:   85         SH:  0    Dex: 12    Spells: 0/10 levels left

rFire    + + .     SeeInvis .   j - +1 dagger (venom)
rCold    x . .     Faith    .   (no shield)
rNeg     . . .     Spirit   .   b - +0 leather armour
rPois    ∞         Reflect  .   (no helmet)
rElec    .         Harm     .   (no cloak)
rCorr    .         Rampage  .   (no gloves)
Will     .....                  (boots unavailable)
Stlth    +.........             (no amulet)
HPRegen  0.13/turn              (no ring)
MPRegen  0.00/turn              (no ring)

@: flying
A: fire resistance 2, cold vulnerability 1, float, innate caster, hp casting,
extra vitality 1
a: no special abilities


You were on level 3 of the Dungeon.
You visited 1 branch of the dungeon, and saw 3 of its levels.

You collected 85 gold pieces.

Inventory:

Hand Weapons
 a - a +0 falchion
 j - a +1 dagger of venom (weapon)
Missiles
 e - 5 boomerangs of dispersal (quivered)
Armour
 b - a +0 leather armour (worn)
Jewellery
 k - a ring of poison resistance
Wands
 l - a wand of digging (7)
Scrolls
 c - a scroll of enchant armour {unknown}
 d - a scroll of blinking
 f - a scroll of fog
 g - a scroll of summoning {unknown}
 h - a scroll of noise {unknown}
 i - a scroll of acquirement {unknown}
 m - 2 scrolls of identify {unknown}


   Skills:
 + Level 2.6 Fighting
 + Level 0.7(1.8) Short Blades
 + Level 2.6(2.7) Long Blades
 + Level 1.1 Throwing
 + Level 2.4 Armour
 + Level 2.8 Dodging
 + Level 0.5 Stealth
 + Level 3.4 Spellcasting


You couldn't memorise any spells.
You knew the following spells:

 Your Spells              Type           Power      Damage    Failure   Level
a - Blink                 Tloc           N/A        N/A       9%          2
b - Lesser Beckoning      Tloc           6%         N/A       17%         3
c - Gell's Gravitas       Tloc           6%         N/A       17%         3
d - Teleport Other        Tloc           13%        N/A       17%         3
e - Manifold Assault      Tloc           13%        N/A       50%         4
f - Pain                  Necr           52%        1d6       6%          1
g - Slow                  Hex            13%        N/A       9%          2
Your spell library was empty.

Dungeon Overview and Level Annotations

Branches:
Dungeon (3/15)

Altars:
Trog

Shops:
D:1 [


Innate Abilities, Weirdness & Mutations

You are immune to poison.
Your flesh is very heat resistant. (rF++)
You are vulnerable to cold. (rC-)
You float through the air rather than walking.
You learn spells naturally, not from books.
Your magical power is your life essence.
You have superior vitality. (+4 HP)


Message History

The orc misses you.
You completely miss the orc. The orc barely misses you.
You hit the orc.
The orc is poisoned.
The orc is heavily wounded.
The orc closely misses you.
You hit the orc.
The orc looks as sick as possible!
The orc is severely wounded.
The orc misses you. The orc hits you with a +0 mace.
You kill the orc!
The orc barely misses you.
You see here a ball python corpse.
Unknown command.
You closely miss the orc. The orc hits you with a +0 mace.
Unknown command.
You hit the orc.
The orc is severely wounded.
Unknown command.
You hit the orc.
You kill the orc!
A quokka is nearby!
A quokka is nearby!
You start resting.
A quokka is nearby!
An ice beast comes into view.
The ice beast moves out of view.
The quokka barely misses you.
You hit the quokka.
The quokka is poisoned.
The quokka is lightly wounded.
The quokka bites you but does no damage.
You hit the quokka.
The quokka looks even sicker.
The quokka is heavily wounded.
The quokka bites you. The quokka closely misses you.
You are too injured to fight recklessly!
Unknown command.
You kill the quokka!
You barely miss the ice beast. The ice beast misses you.
You hit the ice beast.
The ice beast is lightly wounded.
The ice beast hits you. The ice beast freezes you!!
You feel a terrible chill!
You die...

P.♣.♣♣....#..#.#....#.#..# ♣
♣. ♣.........).........# .
♣.....###.......#.#..# .
♣.♣....#..............#
♣P......#.#...#..#######
♣♣..........#.##..###
........##.#..###.÷.#
♣.P..............##÷########
Pr♣..###.#@####..#........#
.####.#Y# #..........#
#.)....# ##.........#
♣.).##†### #..........#
♣.......# #.#.#.<....#
...#...##.. #.......†..#
♣........... #.#.#..#####
♣♣......#.#.# #......#
♣.♣....../... ##.....#


You could see an ice beast.

Vanquished Creatures
  Natasha (D:2)
  4 adders
  A gnoll (D:3)
  A worm (D:3)
  4 dart slugs
  3 orcs (D:3)
  3 giant cockroaches
  8 goblins
  7 hobgoblins
  5 oozes
  2 quokkas
  7 ball pythons
  3 bats
  5 frilled lizards
  5 kobolds
  3 rats
62 creatures vanquished.

Vanquished Creatures (others)
  6 plants (D:3)
6 creatures vanquished.

Grand Total: 68 creatures vanquished

Notes
Turn   | Place    | Note
-------+----------+-------------------------------------------
     0 | D:1      | olmar the Djinni Warper began the quest for the Orb.
     0 | D:1      | Reached XP level 1. HP: 18/18 MP: 0/0
   120 | D:1      | Reached skill level 1 in Throwing
   141 | D:1      | Reached XP level 2. HP: 21/23 MP: 0/0
   210 | D:1      | Found Haarphodu's Armour Boutique.
   482 | D:1      | Reached skill level 3 in Spellcasting
   792 | D:1      | You are sucked into a shaft and drop 1 floor!
   809 | D:2      | Reached XP level 3. HP: 19/28 MP: 0/0
   809 | D:2      | Learned a level 1 spell: Pain
   988 | D:2      | Noticed a scorpion
  1911 | D:1      | HP: 1/29 [scorpion (1)]
  1990 | D:2      | HP: 1/29 [kobold/+0 short sword (2)]
  2651 | D:2      | Reached XP level 4. HP: 23/34 MP: 0/0
  3222 | D:2      | Found a bloodstained altar of Trog.
  3273 | D:2      | Noticed Natasha
  3284 | D:2      | Killed Natasha
  4020 | D:3      | Reached XP level 5. HP: 39/39 MP: 0/0
  4020 | D:3      | Learned a level 2 spell: Slow
  4417 | D:3      | Noticed an ice beast
  4426 | D:3      | Slain by an ice beast

Illustrated notes

Levels and vault maps discovered:
D:1:      co_arrival_hexagon_in_a_hexagon, layout_loops_ring, serial_shops,
          shop, moated_statue, hangedman_decor_growths, minmay_box_of_dots
D:2:      layout_basic, trog_hazing_becter, uniq_natasha
D:3:      wad_woods_tower, layout_rooms, serial_glass, glass_columns_a,
          glass_columns_a, glass_columns_b, bloody_trog, uniq_terence

Skill      XL: |  1  2  3  4 |
---------------+-------------+-----
Throwing       | 1 |  1.1
Spellcasting   | 3 |  3.4
Armour         | 2 |  2.4
Fighting       | |  2.6
Short Blades   | |  0.7
Long Blades    | |  2.6
Dodging        | |  2.8
Stealth        | |  0.5

Action                   |  1- 3 |  4- 6 || total
-------------------------+-------+-------++-------
Melee: Falchion          |   129 |       ||   129
       Dagger            |       |    75 ||    75
 Cast: Blink             |     1 |       ||     1
       Pain              |       |    14 ||    14
  Use: Scroll            |     1 |       ||     1
 Stab: Sleeping          |     1 |       ||     1
Armor: Leather armour    |    33 |    14 ||    47
Dodge: Dodged            |   100 |    55 ||   155
       Rpst.: Falchion   |    33 |       ||    33

Table legend: (Time is in decaauts)
 A = Elapsed time spent in this place.
 B = Non-inter-level travel time spent in this place.
 C = Inter-level travel time spent in this place.
 D = Time resting spent in this place.
 E = Time spent auto-exploring this place.
 F = Levels seen in this place.
 G = Mean time per level.
                   A        B        C        D        E       F      G
               +--------+--------+--------+--------+--------+-----+--------+
         Total |   4448 |   4303 |    145 |   1485 |   2164 |   3 | 1482.7 |
       Dungeon |   4448 |   4303 |    145 |   1485 |   2164 |   3 | 1482.7 |
               +--------+--------+--------+--------+--------+-----+--------+

Top non-repeatable levels by time:
     D:2: 2540 daAuts
     D:1: 1722 daAuts
     D:3: 185 daAuts
